 Dungeon Crawl Stone Soup version 0.22.0-38-g04b72b8 (webtiles) character file.

23 spiff the Grave Robber (level 2, 0/19 HPs)
             Began as a Demonspawn Necromancer on Aug 28, 2018.
             Slain by a giant cockroach (1 damage)
             ... on level 1 of the Dungeon.
             The game lasted 00:02:30 (914 turns).

spiff the Grave Robber (Demonspawn Necromancer)      Turns: 914, Time: 00:02:30

Health: 0/19       AC:  2    Str:  8    XL:     2   Next: 72%
Magic:  0/5        EV: 12    Int: 16    God:
Gold:   30         SH:  0    Dex: 13    Spells: 4/5 levels left

rFire    . . .     SeeInvis .   d - +0 club
rCold    . . .     Gourm    .   (no shield)
rNeg     . . .     Faith    .   a - +0 robe
rPois    .         Spirit   +   (no helmet)
rElec    .         Reflect  .   (no cloak)
rCorr    .         Harm     .   (no gloves)
MR       .....                  (no boots)
Stlth    ++........             (no amulet)
HPRegen  0.06/turn              (no ring)
MPRegen  0.09/turn              (no ring)

@: no status effects
A: magic shield
a: no special abilities


You were on level 1 of the Dungeon.
You were not hungry.

You visited 1 branch of the dungeon, and saw 1 of its levels.

You collected 30 gold pieces.

Inventory:

Hand Weapons
 d - a +0 club (weapon)
Armour
 a - a +0 robe (worn)
Scrolls
 b - a scroll of fear {unknown}
 h - a scroll of identify {unknown}
Potions
 e - a potion of ambrosia {unknown}
 g - a potion of curing {unknown}
 i - a potion of heal wounds {unknown}
Comestibles
 c - a ration
 f - 3 chunks of flesh


   Skills:
 + Level 2.2 Dodging
 - Level 1.7 Stealth
 + Level 2.4 Spellcasting
 + Level 4.7 Necromancy


You had 4 spell levels left.
You knew the following spells:

 Your Spells              Type           Power        Failure   Level  Hunger
a - Pain                  Necr           ###.         2%          1    #......

Your spell library contained the following spells:

 Spells                   Type           Power        Failure   Level  Hunger
 Animate Skeleton         Necr           N/A          2%          1    #......
 Vampiric Draining        Necr           ###.......   9%          3    ###....
 Regeneration             Chrm/Necr      #.........   22%         3    ###....
 Animate Dead             Necr           N/A          28%         4    #####..


Dungeon Overview and Level Annotations

Branches:
Dungeon (1/15)

Altars:


Innate Abilities, Weirdness & Mutations

When hurt, damage is shared between your health and your magic reserves.


Message History

You barely miss the jackal.
The jackal is almost dead.
The jackal misses you. The jackal bites you.
* * * LOW HITPOINT WARNING * * *
Casting: Pain (safe; 3% risk of failure)
Confirm with . or Enter, or press ? or * to list all spells.
Aiming: Pain (safe; 3% risk of failure)
Press: ? - help, Shift-Dir - straight line, f - jackal
Aim: a jackal (almost dead, chance to defeat MR: 87%)
The jackal writhes in agony!
You kill the jackal!
Casting: Pain (safe; 3% risk of failure)
Confirm with . or Enter, or press ? or * to list all spells.
Aiming: Pain (safe; 3% risk of failure)
Press: ? - help, Shift-Dir - straight line, f - jackal
Aim: a jackal (chance to defeat MR: 87%)
The jackal writhes in agony!
You kill the jackal!
The giant cockroach bites you.
You die...

#...########.# #.# #.#
#. '###.#.##....##.#
#.# #.# ##
........'...(.... #.#
#.# ..##.##.#....##.#
#.# #.# .
#.##.........# ..# #.#
..#..........## ..#
#.# #.##...........#
.# ... # #...........#
..#
#..........@####...#..
#......##...s..†......
#......###'##.####.#..
#####..# #.##...
##.###.##.##..
#..##....# ...
##.##....# ..
#..#....# . ##.#....#


You could see a giant cockroach.

Vanquished Creatures
  A dart slug (D:1)
  2 leopard geckos (D:1)
  2 giant cockroaches (D:1)
  2 hobgoblins (D:1)
  3 jackals (D:1)
  A kobold (D:1)
  2 bats (D:1)
  A frilled lizard (D:1)
  A goblin (D:1)
  2 rats (D:1)
17 creatures vanquished.

Notes
Turn   | Place    | Note
-------+----------+-------------------------------------------
     0 | D:1      | spiff the Demonspawn Necromancer began the quest for the Orb.
     0 | D:1      | Reached XP level 1. HP: 13/13 MP: 3/3
   451 | D:1      | Gained mutation: When hurt, damage is shared between your health and your magic reserves. [demonic ancestry]
   451 | D:1      | Reached XP level 2. HP: 8/19 MP: 3/5
   914 | D:1      | Slain by a giant cockroach

Skill      XL: |  1 |
---------------+----+-----
Dodging        | 2 |  2.2
Stealth        | |  1.7
Spellcasting   | |  2.4
Necromancy     | |  4.7

Action                   || total
-------------------------++-------
Melee: Unarmed           ||     5
       Club              ||    14
 Cast: Pain              ||    28
 Stab: Sleeping          ||     1
Armor: Robe              ||     6
Dodge: Dodged            ||    19
